 Dungeon Crawl Stone Soup version 0.23.0 (webtiles) character file.

Game seed: 15156032470865074753

98 Baril the Digger (level 4, -3/37 HPs)
             Began as a Draconian Earth Elementalist on Feb 13, 2019.
             Slain by a gnoll
             ... wielding a +0 halberd of venom
              (10 damage)
             ... on level 3 of the Dungeon.
             The game lasted 00:13:19 (2216 turns).

Baril the Digger (Draconian Earth Elementalist)     Turns: 2216, Time: 00:13:21

Health: -3/37      AC:  6    Str: 10    XL:     4   Next: 43%
Magic:  0/8        EV: 12    Int: 16    God:
Gold:   144        SH:  0    Dex: 12    Spells: 3/9 levels left

rFire    . . .     SeeInvis .   a - +4 dagger
rCold    . . .     Gourm    .   (no shield)
rNeg     . . .     Faith    .   (armour unavailable)
rPois    .         Spirit   .   (helmet restricted)
rElec    .         Reflect  .   (no cloak)
rCorr    .         Harm     .   n - +0 pair of gloves {archery}
MR       .....                  (no boots)
Stlth    ++........             (no amulet)
HPRegen  0.12/turn              (no ring)
MPRegen  0.11/turn              (no ring)

@: lethally poisoned (-3 -> -5)
A: unfitting armour, cold-blooded, AC +5
a: no special abilities


You were on level 3 of the Dungeon.
You were not hungry.

You visited 1 branch of the dungeon, and saw 3 of its levels.

You collected 144 gold pieces.

Inventory:

Hand Weapons
 a - a +4 dagger (weapon)
Missiles
 b - 43 stones (quivered)
 e - 25 sling bullets
 k - 10 poisoned needles
 o - 63 arrows
Armour
 n - a +0 pair of gloves of archery (worn)
Scrolls
 d - 6 scrolls of remove curse {unknown}
 g - 2 scrolls of magic mapping {unknown}
 h - 3 scrolls of identify {unknown}
 i - a scroll of fog {unknown}
 j - a scroll of enchant weapon {unknown}
 l - a scroll of teleportation {unknown}
 m - a scroll of enchant armour {unknown}
Comestibles
 c - 7 rations


   Skills:
 + Level 2.4 Fighting
 - Level 1.7 Dodging
 - Level 1.7 Stealth
 + Level 3.0 Spellcasting
 - Level 1.0 Transmutations
 + Level 3.8 Earth Magic


You had 3 spell levels left.
You knew the following spells:

 Your Spells              Type           Power        Failure   Level  Hunger
a - Sandblast             Erth           ##....       3%          1    #......
b - Stone Arrow           Conj/Erth      #.....       26%         3    ###....
p - Passwall              Tmut/Erth      ##......     11%         2    ##.....

Your spell library contained the following spells:

 Spells                   Type           Power        Failure   Level  Hunger
 Confusing Touch          Hex            #.....       19%         1    #......
 Confuse                  Hex            #.......     50%         3    ###....
 Gell's Gravitas          Tloc           #.........   50%         3    ###....
 Petrify                  Tmut/Erth      ##......     56%         4    #####..
 Lee's Rapid Deconstruct  Erth           ##........   71%         5    ######.
 Metabolic Englaciation   Hex/Ice        #.........   99%         5    ######.
 Yara's Violent Unravell  Hex/Tmut       #.........   99%         5    ######.


Dungeon Overview and Level Annotations

Branches:
Dungeon (3/15)

Altars:
Ashenzari
Hepliaklqana


Innate Abilities, Weirdness & Mutations

Your plain brown scales are hard. (AC +5)
You cannot fit into any form of body armour.
You are cold-blooded and may be slowed by cold attacks.


Message History

You feel sick.
You aren't carrying any items that you can evoke.
You feel sick. The adder barely misses you.
There is an open door here.
You feel sick. The adder barely misses you. The adder completely misses you.
There is an open door here.
Casting: Sandblast (safe; 3% risk of failure)
Confirm with . or Enter, or press ? or * to list all spells.
Aiming: Sandblast (safe; 3% risk of failure)
Press: ? - help, Shift-Dir - straight line, f/p - adder
Aim: an adder (heavily wounded)
The blast of sand hits the adder.
The adder is almost dead.
b - 43 stones You feel sick.
The adder bites you.
* * * LOW HITPOINT WARNING * * *
The gnoll hits you from afar with a +0 halberd of venom!
You die...

#.# #.......# ##.#
#.......# ...# #.......#
#..# ###'#####.# ...## #.#
.#### ....######
#g#####.... ###......#
#g##.....# #.####.#
#S##.....# #....#.#
##@##.....# ##.##.#.#
#.........# ##...#.#.##
#.........#
..._......#####............
.#...####..................
.##.## #######....##+#....
....# #....# ... ###.#
#....# .# ....# ###### .


You could see a gnoll, an adder and a hobgoblin.

Vanquished Creatures
  Robin (D:2)
  3 gnolls (D:3)
  An adder (D:2)
  2 dart slugs
  A ball python (D:2)
  A giant cockroach (D:3)
  15 goblins
  5 hobgoblins (D:2)
  3 kobolds
  A quokka (D:2)
  5 bats
  A frilled lizard (D:1)
  6 rats
45 creatures vanquished.

Vanquished Creatures (others)
  4 toadstools (D:1)
4 creatures vanquished.

Grand Total: 49 creatures vanquished

Notes
Turn   | Place    | Note
-------+----------+-------------------------------------------
     0 | D:1      | Baril the Draconian Earth Elementalist began the quest for
                  | the Orb.
     0 | D:1      | Reached XP level 1. HP: 14/14 MP: 3/3
   439 | D:1      | Reached skill level 1 in Fighting
   439 | D:1      | Reached XP level 2. HP: 23/23 MP: 5/5
  1014 | D:2      | Found a shattered altar of Ashenzari.
  1072 | D:2      | Noticed Robin
  1114 | D:2      | Reached XP level 3. HP: 16/28 MP: 6/6
  1635 | D:2      | Learned a level 3 spell: Stone Arrow
  1638 | D:2      | Learned a level 2 spell: Passwall
  1768 | D:2      | Killed Robin
  2117 | D:3      | Reached XP level 4. HP: 36/36 MP: 8/8
  2121 | D:3      | Found a hazy altar of Hepliaklqana.
  2216 | D:3      | Slain by a gnoll

Skill      XL: |  1  2  3  4 |
---------------+-------------+-----
Fighting       | 1 2 |  2.4
Spellcasting   | 3 |  3.0
Dodging        | |  1.7
Stealth        | |  1.7
Transmutations | |  1.0
Earth Magic    | |  3.8

Action                   |  1- 3 |  4- 6 || total
-------------------------+-------+-------++-------
Melee: Unarmed           |    30 |       ||    30
       Tailslap          |    13 |     1 ||    14
       Club              |    10 |       ||    10
       Dagger            |   111 |    10 ||   121
 Cast: Sandblast         |     9 |    11 ||    20
 Stab: Sleeping          |     5 |     1 ||     6
  Eat: Chunk             |     4 |       ||     4
Armor: Skin              |    38 |     2 ||    40
Dodge: Dodged            |    71 |    23 ||    94
